 Dungeon Crawl Stone Soup version 0.29.1-4-g47bece8355 (webtiles) character file.

Game seed: 4240951880013614818

75 FexLirch the Insei (level 4, -3/52 HPs)
             Began as a Meteoran Transmuter on Dec 7, 2022.
             Slain by Crazy Yiuf
             ... wielding a +4 quarterstaff of chaos
              (10 damage)
             ... on level 3 of the Dungeon.
             The game lasted 00:08:23 (916 turns).

FexLirch the Insei (Meteoran Transmuter)             Turns: 916, Time: 00:08:24

Health: -3/52      AC: 22    Str: 12    XL:     4   Next: 86%
Magic:  0/9        EV:  2    Int: 14    God:
Gold:   97         SH:  0    Dex: 16    Spells: 2/8 levels left

rFire   . . .      SeeInvis .     - Unarmed
rCold   . . .      Faith    .   (no shield)
rNeg    + . .      Spirit   .   (body armour currently unavailable)
rPois   +          Reflect  .   (helmet currently unavailable)
rElec   .          Harm     .   (cloak currently unavailable)
rCorr   .          Rampage  .   (gloves currently unavailable)
Will    .....      NoTele   +   (boots currently unavailable)
Stlth   +.........              (no amulet)
HPRegen 0.17/turn               l - ring of positive energy
MPRegen 0.11/turn               m - ring of flight

@: tree-form, very slightly contaminated, glowing
A: stationary, stasis, torment immunity, boosted hp, sense surroundings 1,
otherworldly, glowing, explore regen
a: no special abilities


You were on level 3 of the Dungeon.
You were a tree.
You visited 1 branch of the dungeon, and saw 3 of its levels.

You collected 97 gold pieces.

Inventory:

Hand Weapons
 s - a +0 hammer
Armour
 a - a +0 robe (melded)
 c - a +1 cloak of preservation (melded)
 e - a +0 helmet
 h - a +0 buckler
Magical Staves
 d - a staff of cold
Jewellery
 l - a ring of positive energy (left branch)
 m - a ring of flight (right branch)
Wands
 n - a wand of quicksilver (7)
Scrolls
 f - a scroll of magic mapping {unknown}
 g - 2 scrolls of teleportation {unknown}
 i - a scroll of poison {unknown}
 p - a scroll of silence {unknown}
 q - a scroll of amnesia {unknown}
Potions
 j - a potion of ambrosia {unknown}
 k - a potion of curing {unknown}
 o - a potion of resistance {unknown}
 r - a potion of magic {unknown}


   Skills:
 - Level 1.1 Fighting
 - Level 2.4 Dodging
 + Level 5.0 Unarmed Combat
 - Level 2.6 Spellcasting
 + Level 4.1 Transmutations


You had 2 spell levels left.
You knew the following spells:

 Your Spells              Type           Power      Damage    Failure   Level
a - Beastly Appendage     Tmut           26%        N/A       4%          1
b - Wereblood             Tmut           13%        N/A       6%          2
c - Spider Form           Tmut/Pois      7%         N/A       28%         3

Your spell library contained the following spells:

 Spells                   Type           Power      Damage    Failure   Level
 Necrotise                Necr           4%         1d4       22%         1
 Vampiric Draining        Necr           1%         2d6       54%         3
 Ice Form                 Ice/Tmut       7%         N/A       67%         4
 Agony                    Necr           1%         N/A       99%         5


Dungeon Overview and Level Annotations

Branches:
Dungeon (3/15) Zot: 891

Altars:

Shops:
D:1 *

Annotations:
D:3 Crazy Yiuf


Innate Abilities, Weirdness & Mutations

You are a tree.
Your roots penetrate the ground, keeping you stationary.
You cannot be teleported.
You are immune to unholy pain and torment.
Your maximum health is greatly increased.
Your equipment is partially melded.
You passively map a small area around you.
You are easily found by Zot.
You glow in the dark.
You regain HP and MP as you explore.


Message History

You howl as the wereblood boils in your veins!
Your horns disappear.
Your talons disappear.
You howl as the wereblood boils in your veins!
Casting: Wereblood (safe; 6% risk of failure)
Confirm with . or Enter, or press ? or * to list all spells.
You miscast Beastly Appendage.
You are very lightly contaminated with residual magic.
Nothing appears to happen.
Your primal bloodlust is almost over.
Casting: Beastly Appendage (safe; 4% risk of failure)
Confirm with . or Enter, or press ? or * to list all spells.
You grow a pair of large bovine horns.
Your feet morph into talons.
Crazy Yiuf grits, "Prologue seventy light!"
You reach down and open the door.
Crazy Yiuf cries, "Goldfish head snockshim!"
You hit Crazy Yiuf.
Crazy Yiuf is lightly wounded.
Crazy Yiuf hits you with a +4 quarterstaff of chaos!
You feel your power leaking away.
You hit Crazy Yiuf but do no damage. You claw Crazy Yiuf.
You headbutt Crazy Yiuf!
Crazy Yiuf is severely wounded.
You howl as the wereblood boils in your veins!
Crazy Yiuf hits you with a +4 quarterstaff of chaos!
* * * LOW HITPOINT WARNING * * *
Crazy Yiuf freezes you.
* * * LOW HITPOINT WARNING * * *
Really quaff the potion of lignification?
Your horns disappear.
Your talons disappear.
You turn into a tree.
Your +1 cloak of preservation melds into your body.
Your +0 robe melds into your body.
Your roots penetrate the ground.
Crazy Yiuf barely misses you.
You hit Crazy Yiuf.
Crazy Yiuf is severely wounded.
Your primal bloodlust has ended.
You hit Crazy Yiuf.
Crazy Yiuf is almost dead.
Crazy Yiuf hits you with a +4 quarterstaff of chaos!
You die...

# * , , #.# #.# * ,,
, ,, #.# ..# * **
**##.## ### *
##.†.### # #......# #
##)..#.# # * , ###
♣♣####.##.# . ,
#)..#♣♣ ♣♣.#.)#)##.#
#### *
#...g♣♣♣♣♣.......##.#
^... , *
#...#♣..♣........##.#
#### * ###*
♣♣♣.♣..#.##.##.#
♣♣♣♣♣####.##.# #.##.#
** * * #.##.# , , ,,
, ..##.# * ** ****
###.# * #.#


You could see Crazy Yiuf.

Vanquished Creatures
  A gnoll (D:2)
  An adder (D:2)
  4 orcs
  2 ball pythons
  3 endoplasms
  3 giant cockroaches
  6 goblins
  A hobgoblin (D:3)
  4 jackals
  4 quokkas (D:2)
  6 bats
  5 frilled lizards
  5 kobolds
  6 rats (D:2)
51 creatures vanquished.

Notes
Turn   | Place    | Note
-------+----------+-------------------------------------------
     0 | D:1      | FexLirch the Meteoran Transmuter began the quest for the
                  | Orb.
     0 | D:1      | Reached XP level 1. HP: 16/16 MP: 5/5
   110 | D:1      | Reached XP level 2. HP: 23/23 MP: 6/6
   131 | D:1      | Found Ving's Assorted Antiques.
   271 | D:2      | Reached skill level 4 in Unarmed Combat
   297 | D:2      | Learned a level 2 spell: Wereblood
   315 | D:2      | Reached XP level 3. HP: 21/28 MP: 5/8
   584 | D:2      | Reached XP level 4. HP: 35/35 MP: 6/9
   644 | D:3      | Learned a level 3 spell: Spider Form
   891 | D:3      | Reached skill level 5 in Unarmed Combat
   905 | D:3      | Found a runed translucent door.
   906 | D:3      | Noticed Crazy Yiuf
   916 | D:3      | Slain by Crazy Yiuf

Illustrated notes

Levels and vault maps discovered:
D:1:      lightli_arrival_windingriver, layout_loops_corners, serial_shops, shop
D:2:      layout_rooms, chequers_garden, cheibrodos_gnoll_hut
D:3:      layout_loops_ring, nicolae_overflow_crystal_walls,
          uniq_crazy_yiuf_cottage

Skill      XL: |  1  2  3  4 |
---------------+-------------+-----
Unarmed Combat | 4 5 |  5.0
Transmutations | 3 4 |  4.1
Fighting       | |  1.1
Dodging        | |  2.4
Spellcasting   | |  2.6

Action                   |  1- 3 |  4- 6 || total
-------------------------+-------+-------++-------
Melee: Unarmed           |    70 |    38 ||   108
       Kick              |    13 |    11 ||    24
       Headbutt          |    10 |     5 ||    15
 Cast: Beastly Appendage |    13 |     7 ||    20
       Wereblood         |     4 |     4 ||     8
  Use: Potion            |       |     1 ||     1
Armor: Robe              |    19 |    13 ||    32
Dodge: Dodged            |    32 |    25 ||    57
